 Dungeon Crawl Stone Soup version 0.19-a0-179-g16b7179 (console) character file.

254 Lososik the Skirmisher (level 5, -5/43 HPs)
             Began as a Demonspawn Wanderer on May 23, 2016.
             Killed by divine providence
             ... invoked by an orc priest
              (13 damage)
             ... on level 4 of the Dungeon.
             The game lasted 00:08:48 (1948 turns).

Lososik the Skirmisher (Demonspawn Wanderer)        Turns: 1948, Time: 00:08:48

Health: -5/43      AC:  6    Str: 11    XL:     5   Next: 90%
Magic:  5/5        EV: 10    Int: 16    God:
Gold:   140        SH:  0    Dex: 12    Spells: 0 memorised, 4 levels left

rFire  + . .     SeeInvis .       - Unarmed
rCold  . . .     Gourm    .     q - +1 ring mail {rF+}
rNeg   . . .     Faith    .     (no shield)
rPois  .         Spirit   .     (no helmet)
rElec  .         Dismiss  .     (no cloak)
rCorr  .         Reflect  .     (no gloves)
SustAt .         Harm     .     (no boots)
MR     .....                    r - amulet of rage
Stlth  +.........               (no ring)
                                (no ring)

@: not resistant to hostile enchantments, very unstealthy
A: powered by pain 1, spiny 1
a: Evoke Berserk Rage


You were on level 4 of the Dungeon.
You were not hungry.

You visited 1 branch of the dungeon, and saw 4 of its levels.

You collected 140 gold pieces.

Inventory:

Hand Weapons
 b - a +0 quarterstaff
Armour
 q - a +1 ring mail of fire resistance (worn)
Jewellery
 n - an uncursed ring of fire
 r - an amulet of rage (around neck)
Wands
 d - a wand of acid (5/15)
 u - a wand of disintegration (7/24)
Scrolls
 a - 4 scrolls of blinking
 e - a scroll of amnesia {unknown}
 g - 2 scrolls of remove curse
 h - a scroll of noise {unknown}
 i - 2 scrolls of fear {unknown}
 k - a scroll of teleportation
 m - a scroll of identify {unknown}
 s - a scroll of enchant weapon {unknown}
Potions
 c - a potion of lignification
 j - a potion of brilliance {unknown}
 l - 2 potions of magic {unknown}
 o - a potion of curing {unknown}
Comestibles
 f - 2 bread rations
 p - a chunk of flesh
 t - 4 fruits


   Skills:
 * Level 4.9 Fighting
 + Level 2.1 Armour
 + Level 2.1 Dodging
 - Level 1.0 Stealth
 - Level 2.6 Unarmed Combat
   Level 1.7 Transmutations
   Level 1.0 Earth Magic
 - Level 1.0 Evocations


You had 4 spell levels left.
You didn't know any spells.

Dungeon Overview and Level Annotations

Branches:
Dungeon (4/15)
 Temple: D:4-7

Altars:


Innate Abilities, Weirdness & Mutations

You sometimes gain a little power by taking damage.
You are partially covered in sharp spines.


Message History

The orc shouts!
The orc wizard shouts!
The orc priest calls down the wrath of Beogh upon you.
Pain shoots through your body!
* * * LOW HITPOINT WARNING * * *
Things that are here:
a flail; a quokka corpse You hit the orc priest but do no damage.
The orc priest casts a cantrip, but nothing happens.
You hit the orc priest but do no damage.
The orc priest is struck by your spines.
The orc priest hits you but does no damage.
The orc wizard mumbles some strange words.
The orc wizard seems to speed up.
You barely miss the orc priest.
The orc priest is moderately wounded.
The orc wizard casts a spell.
The orc wizard blinks!
The orc priest mumbles some strange prayers to Beogh against you.
Beogh smites you!
You die... ∙ ∙∙ ∙ ∙∙ o∙ ∙▒∙▒▒ ∙∙∙ ▒∙▒ ▒■▒∙∙∙ ∙∙∙∙

▒∙▒ ▒∙▒∙∙▒▒∙∙∙∙
▒∙▒ ▒∙▒∙∙▒∙∙∙∙∙
▒▒▒∙▒ ▒∙▒∙∙∙∙∙∙∙▒
∙∙∙∙▒▒▒∙▒o#∙∙∙▒∙∙
▒∙∙∙∙∙@o∙∙∙∙∙∙▒
▒∙▒▒▒∙▒▒▒▒▒▒o∙▒
▒<▒▒▒∙∙∙∙∙∙∙∙ ▒
▒∙∙∙∙∙∙∙∙∙∙∙∙
▒∙∙∙∙∙)∙∙∙∙∙∙∙∙∙∙∙
▒∙∙∙∙∙∙∙∙∙∙∙∙∙∙∙∙∙
▒▒▒▒∙▒∙▒▒▒▒▒▒▒▒▒▒▒
▒∙▒∙∙ ▒∙▒∙∙ ∙ ∙∙∙
▒∙


You could see an orc priest, an orc wizard and an orc.

Vanquished Creatures
  An orc priest (D:4)
  A hound (D:3)
  An orc wizard (D:3)
  A hound skeleton (D:4)
  6 adders
  An ooze (D:3)
  An adder skeleton (D:3)
  4 worms
  2 dart slugs
  A giant gecko (D:2)
  6 orcs
  5 giant cockroaches
  8 goblins
  7 hobgoblins
  3 jackals (D:3)
  2 quokkas (D:4)
  8 bats
  6 giant newts
  7 kobolds
  4 rats
75 creatures vanquished.

Notes
Turn   | Place    | Note
--------------------------------------------------------------
     0 | D:1      | Lososik the Demonspawn Wanderer began the quest for the Orb.
     0 | D:1      | Lososik set off with: 2 scrolls of blinking, a +0 quarterstaff, a potion of lignification, a +0 robe, a bread ration
     0 | D:1      | Reached XP level 1. HP: 16/16 MP: 1/1
   144 | D:1      | Gained mutation: You are partially covered in sharp spines. [demonic ancestry]
   144 | D:1      | Reached XP level 2. HP: 9/23 MP: 2/2
   611 | D:1      | Reached skill level 1 in Dodging
   677 | D:1      | Reached skill level 1 in Armour
   788 | D:2      | Reached XP level 3. HP: 28/28 MP: 3/3
   796 | D:2      | Reached skill level 3 in Fighting
  1336 | D:2      | Reached XP level 4. HP: 30/35 MP: 4/4
  1688 | D:3      | Reached skill level 4 in Fighting
  1690 | D:3      | Gained mutation: You sometimes gain a little power by taking damage. [demonic ancestry]
  1690 | D:3      | Reached XP level 5. HP: 33/42 MP: 5/5
  1948 | D:4      | Killed from afar by an orc priest

Vault maps used:
D:1:      dpeg_arrival_rooms_a
D:3:      first_bread
D:4:      minmay_temple_entry_glassed_door, corexii_checkpoint_a, led_sif_pool

Skill      XL: |  1  2  3  4  5 |
---------------+----------------+-----
Dodging        | 1 2 |  2.1
Armour         | 1 2 |  2.1
Fighting       | 3 4 |  4.9
Stealth        | |  1.0
Unarmed Combat | |  2.6
Transmutations | |  1.7
Earth Magic    | |  1.0
Evocations     | |  1.0

Action                   |  1- 3 |  4- 6 || total
-------------------------+-------+-------++-------
Melee: Quarterstaff      |    20 |       ||    20
       Unarmed           |    51 |    77 ||   128
  Use: Scroll            |       |     2 ||     2
 Stab: Sleeping          |     4 |       ||     4
  Eat: Chunk             |     1 |     2 ||     3
Armor: Robe              |    14 |       ||    14
       Ring mail         |       |    20 ||    20
Dodge: Dodged            |    43 |    32 ||    75
